Map: Cañón atribulado

Players

MrFercho - Winner!

  • Race: Zerg Zerg
  • League: Gold
  • Spawn Location: 12:00

TATORREA - Winner!

  • Race: Protoss Protoss
  • League: Gold
  • Spawn Location: 3:00

tigro - Winner!

  • Race: Terran Terran
  • League: Bronze
  • Spawn Location: 12:00

Boushiki

  • Race: Protoss Protoss
  • Spawn Location: 6:00

DKWind

  • Race: Terran Terran
  • Spawn Location: 7:00

Coolja

  • Race: Protoss Protoss
  • League: Gold
  • Spawn Location: 6:00

VOD

Have the link to the VOD?

Description

Time

  • Played on: Aug. 12, 2020, 8:49 p.m.
  • Length: 15:21
Show
View Real Time Build Order
Export as new Build Order

MrFercho Zerg - Winner!

Build Orders: 1 Base Baneling Bust, Pool First 

Get SALT Encoding   

  12  0:20  Spawning Pool  
  11  0:27  Drone x2  
  13  0:40  Overlord  
  13  0:41  Drone  
  14  0:47  Extractor  
  14  0:49  Drone  
  14  1:00  Drone  
  15  1:10  Queen  
  17  1:13  Overlord  
  17  1:21  Drone  
  18  1:35  Zergling x2  
  19  1:43  Drone  
  20  1:54  Zergling x2  
  21  2:07  Zergling x2  
  22  2:10  Queen  
  24  2:17  Zergling x2  
  24  2:20  Drone x2  
  24  2:21  Overlord  
  24  2:22  Metabolic Boost  
  28  2:30  Zergling x2  
  28  2:41  Drone  
  29  2:49  Lair  
  29  2:51  Zergling x2  
  30  3:01  Zergling x6, Evolution Chamber  
  32  3:06  Zergling x2  
  33  3:16  Zergling x2  
  34  3:40  Zergling x8  
  36  3:43  Zerg Melee Weapons Level 1  
  32  3:59  Zergling x2  
  32  4:00  Zergling x6  
  35  4:14  Overlord  
  34  4:21  Zergling x2  
  30  4:45  Zergling x2  
  30  4:46  Zergling x4  
  30  4:51  Baneling Nest  
  31  4:55  Zergling x8  
  31  5:19  Zergling x4  
  31  5:24  Zergling x2  
  31  5:25  Zergling x4  
  34  5:31  Hydralisk Den  
  34  5:35  Centrifical Hooks  
  33  5:37  Zergling x2  
  34  5:45  Drone  
  35  5:58  Zergling x6  
  38  6:10  Extractor  
  37  6:12  Hatchery  
  37  6:13  Drone  
  37  6:23  Baneling x8  
  37  6:29  Drone  
  37  6:30  Drone x3  
  41  6:58  Overlord x3  
  41  6:59  Overlord  
  41  7:04  Baneling x7  
  41  7:06  Zergling x2  
  42  7:17  Zergling x2  
  42  7:18  Zergling x6  
  34  7:38  Zergling x2  
  34  7:39  Zergling x6  
  34  7:47  Muscular Augments  
  34  7:50  Drone  
  34  7:51  Drone x2  
  34  8:00  Drone x2  
  34  8:18  Drone x6  
  40  8:22  Zergling x2  
  41  8:49  Hydralisk x5  
  51  8:55  Queen  
  51  8:59  Grooved Spines  
  53  9:05  Extractor  
  53  9:06  Drone x4  
  53  9:08  Extractor  
  55  9:14  Hydralisk x2  
  59  9:25  Zergling x8  
  63  9:53  Zergling x12  
  63  9:59  Zerg Melee Weapons Level 2  
  69  10:08  Evolution Chamber  
  68  10:33  Hydralisk x8  
  80  10:49  Hydralisk x2  
  79  10:51  Overlord x3  
  81  11:02  Hydralisk x2  
  73  11:05  Hydralisk x2  
  73  11:10  Zerg Missile Weapons Level 1  
  67  11:12  Drone x2  
  69  11:27  Hydralisk x3  
  75  11:45  Hydralisk x4  
  77  12:12  Drone x7  
  82  12:19  Hatchery  
  82  12:20  Extractor  
  76  12:23  Extractor  
  59  12:38  Hydralisk  
  59  12:39  Hydralisk x5  
  71  13:00  Hydralisk  
  71  13:01  Hydralisk x4  
  71  13:05  Zergling x4  
  83  13:15  Zerg Ground Armor Level 1  
  83  13:22  Zergling x4  
  83  13:23  Zergling x6  
  88  13:42  Zergling x12  
  94  13:54  Infestation Pit  
  93  14:01  Drone x5  
  98  14:05  Overlord x3  
  66  14:42  Drone x11  
  62  14:47  Lurker Den  
Show
View Real Time Build Order
Export as new Build Order

TATORREA Protoss - Winner!

Build Orders:  

Get SALT Encoding   

  12  0:02  Probe  
  13  0:14  Probe  
  14  0:25  Pylon  
  14  0:26  Probe  
  15  0:43  Probe  
  16  0:50  Gateway  
  16  0:53  Gateway  
  16  0:55  Probe  
  17  1:03  Assimilator  
  17  1:07  Probe  
  18  1:19  Pylon  
  18  1:20  Probe  
  19  1:26  Assimilator  
  19  1:32  Probe  
  20  1:44  Probe (Chrono Boost)  
  21  1:49  Cybernetics Core  
  22  1:55  Gateway  
  22  1:56  Probe (Chrono Boost)  
  22  2:01  Probe (Chrono Boost)  
  23  2:26  Warp Gate  
  23  2:27  Adept x2 (Chrono Boost)  
  27  2:47  Pylon  
  27  2:48  Adept x2 (Chrono Boost)  
  31  2:51  Robotics Facility  
  31  3:13  Nexus  
  29  3:57  Probe  
  28  4:03  Immortal  
  28  4:09  Probe  
  31  4:21  Probe  
  32  4:27  Probe  
  33  4:33  Probe  
  33  4:36  Pylon  
  34  4:38  Pylon  
  34  4:39  Probe  
  36  4:45  Probe  
  36  4:49  Nexus  
  36  4:50  Pylon  
  36  4:51  Probe  
  35  4:52  Pylon  
  35  4:57  Probe  
  36  5:02  Stalker  
  36  5:03  Probe  
  36  5:04  Stalker  
  41  5:09  Probe  
  41  5:10  Stalker  
  45  5:21  Probe  
  45  5:22  Probe  
  46  5:33  Probe  
  46  5:34  Probe  
  46  5:41  Stalker x3  
  44  5:45  Immortal  
  44  5:46  Probe  
  44  5:47  Probe  
  50  5:58  Probe  
  50  5:59  Assimilator, Probe  
  50  6:03  Assimilator, Probe  
  53  6:14  Gateway  
  53  6:15  Probe  
  53  6:16  Probe  
  53  6:17  Probe  
  56  6:20  Gateway  
  56  6:27  Probe  
  56  6:28  Stalker x2, Probe  
  56  6:31  Stalker  
  64  6:33  Probe  
  64  6:39  Probe  
  66  6:41  Probe  
  66  6:43  Stargate  
  67  6:49  Immortal  
  67  6:51  Probe  
  67  6:52  Probe  
  73  6:55  Probe  
  74  7:03  Probe  
  74  7:04  Probe  
  74  7:07  Probe  
  77  7:13  Twilight Council  
  77  7:15  Protoss Air Weapons Level 1 (Chrono Boost), Forge, Probe  
  78  7:16  Probe  
  78  7:19  Stalker, Probe  
  78  7:20  Stalker  
  84  7:32  Stalker x2  
  84  7:33  Stalker  
  64  8:00  Stalker  
  64  8:01  Stalker x3  
  64  8:02  Stalker  
  64  8:03  Probe x2  
  64  8:04  Probe  
  73  8:14  Templar Archives  
  73  8:15  Probe x2  
  73  8:16  Probe  
  73  8:17  Void Ray  
  80  8:23  Immortal  
  84  8:29  Assimilator  
  84  8:30  Assimilator  
  84  8:37  Nexus  
  84  8:40  Pylon  
  84  8:42  Pylon  
  84  8:44  Pylon  
  84  8:48  Pylon  
  84  8:51  Pylon  
  84  8:55  Pylon  
  84  8:57  Fleet Beacon  
  84  9:00  Void Ray  
  88  9:05  Probe x3  
  88  9:07  Stalker x2  
  88  9:08  Stalker  
  88  9:09  Stalker  
  99  9:17  Probe x3  
  99  9:23  Protoss Air Armor Level 1 (Chrono Boost)  
  102  9:28  Assimilator  
  102  9:29  Probe x2  
  102  9:30  Probe  
  105  9:32  Assimilator  
  105  9:43  Void Ray  
  109  9:47  Nexus  
  109  9:49  Pylon  
  109  9:50  Probe x4  
  109  9:51  Pylon  
  113  10:02  Probe  
  114  10:07  High Templar x2  
  114  10:08  High Templar x3  
  114  10:12  Archon x2  
  124  10:15  Psionic Storm  
  124  10:18  Immortal  
  128  10:25  Void Ray  
  132  10:42  Unknown  
  126  11:04  Stalker x2  
  126  11:05  Stalker x3  
  126  11:08  Void Ray  
  126  11:52  High Templar x4  
  126  11:53  High Templar  
  124  11:56  Archon  
  124  11:57  Archon  
  94  12:11  Protoss Ground Weapons Level 1 (Chrono Boost)  
  94  12:22  Gateway  
  94  12:23  Gateway  
  94  12:25  Gateway  
  94  12:28  Gateway  
  94  12:30  Gateway  
  94  12:33  Gateway  
  94  12:36  Gateway  
  94  12:37  Gateway, Stargate  
  94  12:39  Pylon, Stargate  
  94  12:40  Gateway  
  94  12:41  Blink (Chrono Boost)  
  94  12:42  Gateway  
  94  12:45  Gateway  
  94  12:48  Pylon  
  94  12:51  Void Ray (Chrono Boost), Pylon  
  94  12:54  Protoss Air Weapons Level 2 (Chrono Boost)  
  94  12:56  Pylon  
  98  13:02  Pylon, High Templar x4  
  98  13:03  High Templar  
  108  13:07  Archon  
  108  13:08  Archon  
  108  13:09  Archon  
  108  13:14  Assimilator  
  108  13:16  Assimilator  
  108  13:19  Void Ray x2 (Chrono Boost)  
  108  13:24  Void Ray (Chrono Boost)  
  120  13:42  High Templar x4  
  120  13:45  Zealot x4  
  120  13:46  Zealot x3  
  120  13:47  Zealot x3  
  120  13:48  Zealot x2  
  152  13:54  Void Ray (Chrono Boost)  
  152  13:55  Void Ray (Chrono Boost)  
  160  13:57  Archon x2  
  160  13:58  Void Ray (Chrono Boost)  
  164  14:09  Zealot  
  166  14:10  Zealot x4  
  166  14:12  Stalker x3  
  166  14:13  Stalker x4  
  188  14:28  Stalker x2  
  188  14:29  Stalker x2  
  188  14:30  Stalker  
  198  14:37  Stalker  
Show
View Real Time Build Order
Export as new Build Order

tigro Terran - Winner!

Build Orders:  

Get SALT Encoding   

  12  0:14  Supply Depot, SCV  
  13  0:26  SCV  
  14  0:38  SCV  
  15  0:42  Barracks  
  15  0:54  SCV, Refinery  
  16  1:06  SCV  
  17  1:18  SCV  
  18  1:31  Marine  
  19  1:32  Supply Depot  
  19  1:39  Refinery  
  19  1:40  SCV  
  20  1:49  Marine  
  20  1:52  SCV  
  22  2:04  SCV  
  22  2:06  Marine  
  24  2:19  Factory  
  24  2:20  SCV  
  25  2:24  Marine  
  26  2:32  SCV  
  27  2:37  Engineering Bay  
  27  2:42  Marine  
  28  3:12  Missile Turret  
  28  3:33  Missile Turret  
  28  3:45  Factory Tech Lab  
  28  3:47  Barracks Tech Lab  
  28  3:58  Missile Turret  
  28  4:14  Marine  
  29  4:19  Missile Turret  
  29  4:29  Orbital Command  
  29  4:32  Marine  
  30  4:38  Supply Depot  
  30  4:42  Missile Turret  
  30  4:50  Marine  
  31  5:00  Siege Tank  
  34  5:07  Marine, Missile Turret  
  33  5:25  Marine  
  33  5:28  Missile Turret  
  32  5:32  Siege Tank  
  33  5:43  Marine  
  32  6:01  Marine  
  33  6:04  Siege Tank  
  33  6:05  Command Center  
  36  6:13  Combat Shield  
  36  6:15  Starport  
  36  6:19  Marine  
  36  6:21  Terran Infantry Weapons Level 1  
  37  6:36  Marine  
  38  6:44  Siege Tank  
  41  6:54  Marine  
  42  7:12  Marine  
  43  7:16  Siege Tank  
  46  7:30  Marine  
  38  7:59  Marine  
  38  8:07  Refinery  
  38  8:15  Terran Infantry Armor Level 1  
  38  8:17  Marine  
  36  8:24  Medivac  
  38  8:35  Marine  
  38  8:39  Stimpack  
  38  8:40  Barracks  
  39  8:44  Refinery  
  39  8:53  Marine  
  39  8:54  Medivac  
  42  8:56  Cyclone  
  45  9:11  Marine  
  46  9:28  Cyclone  
  46  9:29  Marine  
  50  9:32  Armory  
  50  9:43  Missile Turret  
  50  9:46  Marine  
  51  10:01  Cyclone  
  51  10:04  Marine  
  51  10:06  Missile Turret  
  55  10:09  Neosteel Armor  
  55  10:33  Cyclone  
  53  10:53  Marine x2  
  39  11:05  Cyclone  
  39  11:11  Marine x2  
  42  11:14  Medivac  
  46  11:29  Marine x2  
  48  11:37  Cyclone  
  51  11:40  Terran Vehicle Weapons Level 1  
  51  11:44  Medivac  
  51  11:46  Marine  
  54  11:47  Marine  
  54  11:49  Hi-Sec Auto Tracking  
  54  11:50  SCV  
  56  12:02  SCV  
  56  12:04  Marine  
  56  12:05  Marine  
  59  12:09  Cyclone  
  62  12:19  SCV  
  46  12:41  Cyclone  
  46  12:43  Medivac  
  51  12:46  Terran Infantry Weapons Level 2  
  51  12:55  SCV  
  52  13:02  Barracks Reactor  
  52  13:03  Marine  
  53  13:07  SCV  
  54  13:13  Cyclone  
  54  13:19  SCV, Starport Tech Lab  
  58  13:21  Marine  
  59  13:29  Starport  
  59  13:31  Fusion Core, SCV  
  60  13:39  Marine  
  61  13:44  SCV  
  62  13:56  Cyclone  
  62  13:57  Marine  
  66  14:15  Marine  
  67  14:17  Command Center  
  64  14:28  Cyclone  
Show
View Real Time Build Order
Export as new Build Order

Boushiki Protoss 

Build Orders:  

Get SALT Encoding   

  12  0:00  Probe  
  13  0:14  Pylon  
  13  0:18  Probe  
  14  0:34  Gateway  
  14  0:35  Probe  
  15  0:51  Gateway  
  15  0:55  Assimilator  
  15  0:59  Probe  
  16  1:07  Pylon  
  16  1:11  Probe  
  17  1:21  Zealot  
  17  1:24  Probe (Chrono Boost)  
  20  1:34  Pylon  
  20  1:36  Probe (Chrono Boost)  
  20  1:39  Assimilator  
  21  1:52  Cybernetics Core  
  21  1:55  Probe  
  21  2:00  Zealot  
  24  2:16  Forge, Probe  
  25  2:28  Probe  
  25  2:29  Warp Gate  
  26  2:31  Stalker  
  28  2:40  Probe  
  28  2:42  Stalker  
  31  3:09  Nexus  
  31  3:31  Pylon  
  31  3:33  Stalker x2 (Chrono Boost)  
  28  4:00  Stalker x2 (Chrono Boost)  
  30  4:23  Zealot x2 (Chrono Boost)  
  31  4:43  Zealot x2 (Chrono Boost)  
  31  4:46  Photon Cannon  
  32  5:07  Probe (Chrono Boost)  
  32  5:09  Probe (Chrono Boost)  
  32  5:11  Assimilator  
  32  5:16  Probe (Chrono Boost)  
  32  5:19  Probe (Chrono Boost)  
  34  5:21  Probe (Chrono Boost)  
  34  5:27  Stalker  
  35  5:28  Probe  
  36  5:45  Probe (Chrono Boost)  
  38  5:51  Probe (Chrono Boost)  
  38  5:55  Probe (Chrono Boost)  
  39  5:58  Probe (Chrono Boost), Stargate  
  39  6:01  Probe (Chrono Boost)  
  39  6:03  Probe (Chrono Boost)  
  42  6:12  Probe  
  42  6:15  Probe  
  42  6:17  Gateway  
  44  6:24  Probe (Chrono Boost)  
  45  6:29  Probe (Chrono Boost)  
  46  6:36  Probe (Chrono Boost)  
  46  6:39  Probe (Chrono Boost)  
  48  6:42  Probe (Chrono Boost)  
  48  6:44  Probe (Chrono Boost)  
  48  6:45  Void Ray  
  54  6:52  Pylon  
  54  7:01  Pylon  
  54  7:10  Probe  
  54  7:14  Photon Cannon  
  55  7:22  Probe  
  56  7:34  Probe  
  57  7:43  Stalker  
  57  7:44  Stalker  
  59  7:45  Stalker  
  59  7:46  Probe  
  56  7:58  Probe  
  49  8:08  Zealot x2  
  49  8:09  Zealot  
  49  8:12  Probe  
  56  8:14  Assimilator  
  56  8:18  Void Ray  
  60  8:20  Protoss Ground Weapons Level 1 (Chrono Boost)  
  60  8:24  Probe  
  60  8:26  Probe, Stargate  
  62  8:36  Sentry  
  62  8:38  Stalker  
  66  8:50  Probe  
  66  9:03  Probe  
  67  9:15  Probe  
  67  9:17  Nexus  
  68  9:25  Pylon, Zealot  
  68  9:27  Pylon  
  70  9:32  Photon Cannon  
  70  9:36  Photon Cannon  
  70  9:37  Photon Cannon  
  70  9:42  Void Ray  
  70  9:43  Probe  
  75  9:58  Pylon  
  75  10:00  Stalker, Zealot  
  75  10:01  Stalker  
  75  10:04  Void Ray  
  85  10:23  Protoss Ground Armor Level 1 (Chrono Boost)  
  85  10:25  Protoss Air Weapons Level 1 (Chrono Boost), Void Ray  
  89  10:29  Stalker x2  
  89  10:30  Stalker  
  89  10:35  Gateway  
  78  11:02  Stalker  
  78  11:03  Stalker x2  
  61  11:17  Photon Cannon  
  61  11:19  Photon Cannon  
  61  11:21  Photon Cannon  
  57  11:32  Pylon  
  57  11:35  Stalker x3  
  57  11:39  Void Ray  
  55  11:55  Photon Cannon  
  55  11:56  Photon Cannon  
  55  12:00  Stalker x3  
  55  12:01  Stalker  
  62  12:29  Nexus  
  60  12:37  Pylon  
  60  12:47  Protoss Shields Level 1 (Chrono Boost)  
  60  13:13  Photon Cannon  
  60  13:14  Photon Cannon  
  60  13:16  Stalker, Photon Cannon  
  60  13:17  Stalker  
  64  13:20  Pylon  
  64  13:37  Void Ray  
  64  13:38  Void Ray  
  72  13:51  Photon Cannon  
  72  13:54  Photon Cannon  
  72  13:57  Photon Cannon, Probe (Chrono Boost)  
  73  14:06  Probe (Chrono Boost)  
  73  14:07  Probe (Chrono Boost)  
  73  14:08  Probe (Chrono Boost)  
  76  14:16  Probe  
  77  14:22  Stalker x3  
  77  14:23  Stalker  
  91  15:05  Stalker x2  
  91  15:06  Stalker  
Show
View Real Time Build Order
Export as new Build Order

DKWind Terran 

Build Orders:  

Get SALT Encoding   

  12  0:13  Supply Depot  
  12  0:15  SCV  
  13  0:27  SCV  
  14  0:46  SCV  
  15  0:51  Barracks  
  15  1:06  SCV  
  17  1:18  SCV  
  17  1:19  Refinery  
  17  1:31  SCV  
  18  1:42  Barracks  
  18  1:47  Marine  
  18  1:52  SCV  
  18  1:53  Supply Depot  
  20  2:05  Marine  
  21  2:23  Supply Depot, Marine  
  22  2:30  Barracks  
  22  2:36  Barracks Tech Lab  
  22  2:42  SCV  
  23  2:53  Supply Depot  
  23  2:54  SCV  
  23  2:57  Marine  
  25  2:59  Marine  
  26  3:06  SCV  
  27  3:16  Marine  
  27  3:17  Refinery  
  27  3:18  SCV  
  24  3:36  Marine  
  24  3:37  Marine x2  
  25  3:54  Marine x2  
  23  4:12  Marine x2  
  20  4:46  Orbital Command  
  4  5:16  SCV  
  5  5:28  SCV  
  6  5:40  SCV  
  7  5:52  SCV  
  8  5:57  Barracks  
  8  6:05  SCV  
  9  6:13  Barracks Tech Lab  
  9  6:17  SCV  
  10  6:28  Barracks  
  10  6:29  SCV  
  11  6:41  Marine, SCV  
  11  6:46  Command Center  
  13  6:53  SCV  
  14  6:59  Marine  
  14  7:00  Barracks Tech Lab  
  15  7:03  Supply Depot  
  15  7:05  SCV  
  16  7:15  Marine  
  17  7:17  Marine, SCV  
  19  7:29  SCV  
  20  7:33  Marine  
  19  7:39  Marine x2  
  21  7:50  Marine  
  22  7:57  Marine x2  
  19  8:08  Marine  
  19  8:09  Factory  
  19  8:11  SCV  
  21  8:14  Marine  
  22  8:21  Supply Depot  
  22  8:23  SCV  
  22  8:26  Barracks Tech Lab  
  23  8:33  SCV  
  24  8:35  SCV  
  25  8:45  Combat Shield, SCV  
  25  8:47  SCV  
  27  8:48  Stimpack  
  27  8:50  Concussive Shells  
  27  8:55  Marine x3  
  28  8:57  SCV  
  28  8:59  SCV  
  32  9:09  Supply Depot, SCV  
  33  9:10  Factory Tech Lab  
  33  9:11  SCV  
  33  9:13  Marine  
  35  9:21  Engineering Bay  
  35  9:22  Marine x2  
  35  9:23  SCV  
  38  9:31  Marine  
  39  9:37  Supply Depot  
  39  9:40  Marine x2, SCV  
  42  9:49  Marine  
  43  9:52  SCV  
  43  9:58  Marine x2  
  43  9:59  Terran Infantry Weapons Level 1  
  46  10:04  Refinery  
  46  10:05  SCV  
  47  10:10  Starport  
  47  10:17  SCV  
  48  10:29  SCV  
  49  10:41  SCV  
  50  10:44  Siege Tank  
  50  10:48  Starport  
  53  10:53  SCV  
  52  11:04  Marine  
  52  11:05  Marine x2, SCV  
  42  11:26  Starport  
  42  11:27  Marine  
  33  11:53  Terran Infantry Armor Level 1  
  32  11:58  Starport Tech Lab  
  32  11:59  Starport Tech Lab  
  32  12:03  Starport Tech Lab  
  31  12:16  Refinery  
  31  12:17  SCV  
  32  12:29  SCV  
  33  12:31  Barracks  
  33  12:41  SCV  
  34  12:53  SCV  
  34  12:55  Factory  
  35  13:05  SCV  
  36  13:14  Barracks Tech Lab  
  36  13:20  Barracks Tech Lab  
  36  13:22  Barracks  
  36  13:29  Viking  
  36  13:30  Viking x2  
  42  13:47  Armory  
  42  13:50  Command Center  
  42  13:56  Siege Tank  
  42  13:59  Viking  
  42  14:00  Viking x2  
  51  14:08  Supply Depot  
  51  14:19  Barracks Tech Lab  
  51  14:28  Siege Tank  
  51  14:29  Viking  
  51  14:30  Viking x2  
  60  14:34  Supply Depot  
  53  14:58  Supply Depot  
Show
View Real Time Build Order
Export as new Build Order

Coolja Protoss 

Build Orders:  

Get SALT Encoding   

  12  0:00  Probe  
  13  0:14  Pylon  
  13  0:18  Probe (Chrono Boost)  
  14  0:27  Probe (Chrono Boost)  
  15  0:36  Gateway  
  15  0:40  Probe  
  16  0:53  Gateway  
  16  0:55  Probe (Chrono Boost)  
  17  1:02  Assimilator  
  17  1:14  Probe (Chrono Boost)  
  18  1:22  Probe  
  18  1:25  Cybernetics Core  
  19  1:30  Assimilator  
  19  1:34  Probe  
  20  1:46  Probe  
  21  1:51  Pylon  
  21  1:58  Warp Gate (Chrono Boost), Probe  
  22  2:09  Adept  
  22  2:12  Stalker  
  26  2:17  Probe  
  27  2:29  Probe  
  28  2:47  Stargate  
  28  2:52  Stalker  
  30  2:59  Pylon  
  30  3:04  Gateway  
  30  3:12  Nexus  
  30  3:14  Probe (Chrono Boost)  
  31  3:26  Probe (Chrono Boost)  
  30  4:07  Zealot x2  
  30  4:13  Stalker  
  32  4:19  Void Ray (Chrono Boost)  
  36  4:30  Probe (Chrono Boost)  
  37  4:32  Probe (Chrono Boost)  
  37  4:37  Stalker x2  
  40  4:42  Probe (Chrono Boost)  
  40  4:43  Probe (Chrono Boost)  
  42  4:51  Probe  
  43  4:57  Stalker  
  43  5:21  Stalker x2  
  43  5:22  Stalker  
  41  5:50  Stalker  
  41  5:51  Probe (Chrono Boost)  
  41  5:54  Probe (Chrono Boost)  
  45  6:02  Probe (Chrono Boost)  
  47  6:04  Void Ray (Chrono Boost), Probe (Chrono Boost)  
  47  6:09  Probe (Chrono Boost)  
  47  6:10  Fleet Beacon, Probe (Chrono Boost)  
  53  6:17  Assimilator, Probe  
  54  6:22  Assimilator  
  54  6:24  Pylon  
  54  6:26  Pylon  
  54  6:28  Pylon  
  54  6:31  Pylon  
  54  6:42  Probe x2  
  56  6:48  Void Ray (Chrono Boost)  
  60  6:55  Probe x2  
  62  7:14  Stalker x2  
  62  7:15  Stalker  
  68  7:24  Gateway x2  
  68  7:27  Gateway  
  68  7:29  Gateway  
  58  7:32  Twilight Council  
  54  7:48  Carrier (Chrono Boost)  
  58  7:53  Stalker  
  58  7:54  Stalker x2  
  64  8:18  Stalker  
  66  8:20  Nexus  
  66  8:24  Pylon  
  66  8:35  Carrier (Chrono Boost)  
  72  8:46  Zealot  
  72  8:47  Charge (Chrono Boost), Zealot  
  76  8:48  Protoss Air Weapons Level 1  
  76  8:52  Zealot x3  
  82  9:23  Probe x2  
  84  9:24  Nexus  
  84  9:31  Assimilator  
  84  9:36  Assimilator, Probe (Chrono Boost)  
  84  9:37  Probe (Chrono Boost)  
  84  9:38  Probe (Chrono Boost)  
  87  9:41  Assimilator  
  87  9:48  Probe x2 (Chrono Boost)  
  87  9:51  Probe (Chrono Boost)  
  90  9:52  Probe (Chrono Boost)  
  90  9:53  Probe (Chrono Boost)  
  90  9:56  Stargate  
  90  9:59  Stargate  
  93  10:00  Probe (Chrono Boost)  
  93  10:02  Stargate  
  93  10:04  Probe x2 (Chrono Boost)  
  95  10:07  Pylon  
  96  10:17  Probe (Chrono Boost)  
  96  10:21  Stargate  
  96  10:23  Probe (Chrono Boost)  
  96  10:24  Stalker x2  
  96  10:25  Stalker, Zealot  
  96  10:26  Zealot x2  
  85  10:46  Carrier (Chrono Boost)  
  67  11:20  Stargate  
  67  11:22  Stargate  
  67  11:23  Stargate  
  67  11:34  Stalker  
  67  11:35  Stalker x4  
  67  11:36  Stalker  
  67  11:37  Stalker  
  79  11:42  Carrier (Chrono Boost)  
  65  11:59  Zealot x2  
  65  12:00  Zealot x3  
  53  12:25  Stalker x2  
  53  12:27  Zealot  
  53  12:59  Nexus  
  53  13:16  Probe (Chrono Boost)  
  55  13:23  Carrier (Chrono Boost), Probe (Chrono Boost)  
  56  13:27  Probe (Chrono Boost)  
  62  13:37  Probe (Chrono Boost)  
  64  13:44  Probe (Chrono Boost)  
  64  13:48  Probe (Chrono Boost)  
  65  13:52  Probe (Chrono Boost)  
  65  13:53  Probe (Chrono Boost)  
  68  14:03  Probe (Chrono Boost)  
  68  14:06  Assimilator  
  68  14:09  Probe (Chrono Boost)  
  28  14:53  Probe (Chrono Boost)  
  28  14:59  Probe (Chrono Boost)  
  31  15:02  Probe (Chrono Boost)  
  31  15:04  Probe (Chrono Boost)  
  33  15:08  Probe (Chrono Boost)  
  33  15:11  Probe (Chrono Boost)  
  33  15:12  Probe (Chrono Boost)  
Tags
 
Add a new tag
Caveats
  • Supply blocks, unpowered buildings, or Contaminate may cause inaccurate times.
  • Supply counts are checked every 10 seconds.